 Dungeon Crawl Stone Soup version 0.31.0-12-g77e489cdc1 (webtiles) character file.

Game seed: 16302711040783285132

32785 Killerpretzel the Mimic (level 13, 0/94 HPs)
             Began as an Octopode Shapeshifter on Feb 11, 2024.
             Was an Elder of Vehumet.
             Succumbed to a swamp dragon's poison gas
             ... on level 3 of the Lair of Beasts.
             The game lasted 01:18:33 (19612 turns).

Killerpretzel the Mimic (Octopode Shapeshifter)    Turns: 19612, Time: 01:18:34

Health: 0/94       AC:  5    Str: 13    XL:     13   Next: 66%
Magic:  13/13      EV: 24    Int: 14    God:    Vehumet [****..]
Gold:   924        SH:  5    Dex: 27    Spells: 6/12 levels left

rFire   . .          .
                       - Unarmed
rCold   . . .        (no shield)
rNeg    + + .        (helmet currently unavailable)
rPois   .            t - amulet of reflection
rElec   .            n - +4 ring of protection
rCorr   +            q - +6 ring of dexterity
SInv    .            y - +6 ring of dexterity
Will    .....        a - ring of positive energy
Stlth   +++          i - ring of wizardry
HPRegen 0.35/turn    H - ring of resist corrosion
MPRegen 0.13/turn    M - ring of positive energy
                     (no ring)

%: reflection, wizardry (x1)
@: lethally poisoned (0 -> -11), beast-form, hasted, very quick
A: beast (slay +4), almost no armour, amphibious, 8 rings, camouflage 1,
gelatinous body 1, (nimble swimmer 1), tentacles
a: Begin Untransformation, Renounce Religion


You were on level 3 of the Lair of Beasts.
You worshipped Vehumet.
Vehumet was greatly pleased with you.
You were a hulking beast.
You visited 5 branches of the dungeon, and saw 19 of its levels.

You collected 924 gold pieces.

Inventory:

Hand Weapons
 N - a +3 longbow of flaming
Missiles
 g - 21 boomerangs (quivered)
Armour
 F - a +0 buckler
 J - an orb of light
Jewellery
 a - a ring of positive energy (on tentacle)
 i - a ring of wizardry (on tentacle)
 n - a +4 ring of protection (left tentacle)
 q - a +6 ring of dexterity (right tentacle)
 t - an amulet of reflection (around mantle)
 y - a +6 ring of dexterity (on tentacle)
 H - a ring of resist corrosion (on tentacle)
 I - a ring of protection from cold
 M - a ring of positive energy (on tentacle)
Talismans
 b - a beast talisman (active)
 B - a maw talisman
 C - a blade talisman
Wands
 j - a wand of flame (16)
 k - a wand of polymorph (2)
 x - a wand of roots (22)
 A - a wand of paralysis (9)
 E - a wand of digging (6)
Scrolls
 e - 5 scrolls of blinking
 h - 2 scrolls of fear
 l - 3 scrolls of vulnerability
 p - 3 scrolls of teleportation
 v - 4 scrolls of noise
 w - 3 scrolls of amnesia
 z - a scroll of silence
 D - 5 scrolls of revelation
 G - 2 scrolls of fog
 K - 3 scrolls of identify
Potions
 c - a potion of invisibility {unknown}
 d - a potion of haste
 f - a potion of attraction {unknown}
 m - 2 potions of cancellation
 o - 8 potions of curing
 r - 2 potions of brilliance
 s - 3 potions of magic
 u - 5 potions of enlightenment
 L - a potion of degeneration {unknown}
 O - a potion of resistance {unknown}


   Skills:
 + Level 10.9 Fighting
 + Level 11.1 Dodging
 + Level 11.4 Unarmed Combat
 - Level 5.0 Translocations
 + Level 12.0 Shapeshifting


You had 6 spell levels left.
You knew the following spells:

 Your Spells              Type           Power      Damage    Failure   Level
a - Dispersal             Tloc           7%         N/A       89%         6

Your spell library contained the following spells:

 Spells                   Type           Power      Damage    Failure   Level
 Arcjolt                  Conj/Air       0%         1d10      52%         5
 Sandblast                Erth           0%         2d4       3%          1
 Shock                    Conj/Air       0%         1d3       3%          1
 Sting                    Conj/Alch      0%         1d3       3%          1
 Mercury Vapours          Alch/Air       0%         N/A       4%          2
 Gell's Gravitas          Tloc           14%        N/A       4%          3
 Teleport Other           Tloc           14%        N/A       4%          3
 Mephitic Cloud           Conj/Alch/Air  0%         N/A       9%          3
 Stone Arrow              Conj/Erth      0%         3d7       9%          3
 Passage of Golubria      Tloc           14%        N/A       16%         4
 Ensorcelled Hibernation  Hex/Ice        0%         N/A       17%         2
 Airstrike                Air            0%         2d(0-16)  26%         4
 Brom's Barrelling Bould  Conj/Erth      0%         2d3       26%         4
 Olgreb's Toxic Radiance  Alch           0%         N/A       26%         4
 Sticky Flame             Fire/Alch      0%         2d4       26%         4
 Passwall                 Erth           0%         N/A       32%         3
 Swiftness                Air            0%         N/A       32%         3
 Tukima's Dance           Hex            0%         N/A       32%         3
 Freezing Cloud           Conj/Ice/Air   0%         6-21      52%         5
 Yara's Violent Unravell  Hex/Alch       0%         3d3       52%         5
 Leda's Liquefaction      Alch/Erth      0%         N/A       71%         4
 Lehudib's Crystal Spear  Conj/Erth      0%         10d2      99%         8
 Animate Armour           Summ/Erth      Unusable   N/A       N/A         4

Dungeon Overview and Level Annotations

Branches:
Dungeon (13/15)            Temple (1/1) D:5            Lair (3/5) D:10
 Shoals (1/4) Lair:2       Spider (0/4) Lair:3          Orc (1/2) D:9
 Vaults: D:13-14

Altars:
Ashenzari
Cheibriados
Dithmenos
Elyvilon
Fedhas
Gozag
Hepliaklqana
Kikubaaqudgha
Makhleb
Nemelex Xobeh
Okawaru
Qazlal
Ru
Sif Muna
Trog
Uskayaw
Vehumet
Wu Jian
Xom
Yredelemnul
Zin
The Shining One

Portals:
Trove: D:12 (give 3 potions of resistance)

Annotations:
D:7 3 runed translucent doors, exclusion: 3 doors, VictorL's ghost, novice OpSh
D:8 exclusion: crimson imp
D:12 exclusion: downstairs
D:13 Azrael
Lair:2 exclusion: skyshark


Innate Abilities, Weirdness & Mutations

You are a hulking beast.
Your limbs bulge with bestial killing power. (Slay +4)
You cannot wear most types of armour.
You are amphibious.
You can wear up to eight rings at the same time.
Your skin changes colour to match your surroundings (Stealth+).
Your rubbery body absorbs attacks. (AC +1, EV +1)
((You are camouflaged when in or above water. (Stealth+)))
You have tentacles for arms and can constrict up to eight enemies at once.


Message History

You are engulfed in poison gas.
You are more poisoned.
You feel extremely sick.
The swamp dragon completely misses you. x2; The swamp dragon misses you.
You tentacle-slap the swamp dragon. You squeeze the swamp dragon.
The swamp dragon is lightly wounded.
You are engulfed in poison gas.
You are more poisoned.
You feel extremely sick. The swamp dragon barely misses you.
You block the swamp dragon's attack. The swamp dragon completely misses you.
You feel extremely sick.
The swamp dragon breathes poison at you.
The blast of poison misses you.
You bludgeon the swamp dragon!
You squeeze the swamp dragon, but do no damage.
The swamp dragon is moderately wounded.
You are engulfed in poison gas.
You are lethally poisoned!
You feel extremely sick. You block the swamp dragon's attack.
The swamp dragon closely misses you.
The swamp dragon tramples you but does no damage.
You feel yourself speed up.
You are engulfed in poison gas.
You are more poisoned.
* * * LOW HITPOINT WARNING * * *
You feel extremely sick. The swamp dragon completely misses you.
The swamp dragon claws you.
* * * LOW HITPOINT WARNING * * *
The swamp dragon closely misses you.
You feel better.
You are engulfed in poison gas.
You are poisoned.
* * * LOW HITPOINT WARNING * * *
x2 You feel very sick.
The swamp dragon bites you!
* * * LOW HITPOINT WARNING * * *
The swamp dragon closely misses you. x2
Okay, then.
Blink to where?
Press: ? - help, Dir - move target, p - swamp dragon
As you read the scroll of blinking, it crumbles to dust.
You die...

#..........# ##°P##........
###........# #D°# #........
#.#........# ##.## #........
##.........# #..# #........
##........# ##..## #........ #
#........###°...###........
#######.......^..#.....#.........
................................P
................h................
.................................
..................♣.♣......).....
........÷.....##.♣#.#♣###........
..............####♣.♣ #.........
..............# #.# #.........
.............## ♣.♣♣###........
.............P# #..♣#..........
..............# ♣.♣............


You could see a swamp dragon (catching breath).

Vanquished Creatures
  Nessos (Lair:3)
  3 hydras
  2 two-headed ogres (D:9)
  2 skysharks (Lair:2)
  4 harpies (Lair:2)
  A deep elf pyromancer (D:12)
  Pikel (D:5)
  2 ugly things
  A wolf spider (Lair:2)
  An elephant (D:10)
  3 cyclopes
  A gargoyle (D:12)
  A torpor snail (Lair:3)
  A komodo dragon (shapeshifter) (D:13)
  6 cane toads
  2 unseen horrors (D:12)
  A tengu conjurer (D:12)
  4 komodo dragons
  3 polar bears (Lair:1)
  4 trolls
  17 blink frogs
  A jumping spider (Lair:3)
  A culicivora (Lair:2)
  A vampire (D:9)
  2 shadows
  18 yaks
  3 wyverns
  3 wraiths
  2 basilisks
  Menkaure (D:4)
  A steam dragon (D:7)
  7 vampire mosquitoes
  An acid dragon (D:11)
  5 water moccasins
  9 orc warriors
  5 black bears
  An ice beast (D:6)
  3 ogres
  A centaur (D:10)
  26 wolves
  A kobold brigand (D:9)
  6 phantoms
  10 bullfrogs
  3 scorpions
  A gnoll sergeant (D:9)
  2 wyvern skeletons (D:6)
  A burial acolyte (D:7)
  4 wights (D:8)
  A water moccasin skeleton (D:6)
  8 killer bees
  A howler monkey (D:10)
  4 bullfrog zombies (D:6)
  4 centaur zombies (D:6)
  5 hounds
  A jelly (D:8)
  6 orc priests
  A gnoll bouda (D:8)
  3 bullfrog skeletons (D:6)
  2 centaur skeletons (D:6)
  3 iguanas
  11 orc wizards
  A killer bee zombie (D:6)
  2 howler monkey zombies (D:6)
  10 gnolls
  12 adders
  2 shadow imps (D:7)
  A white imp (D:8)
  3 adder zombies (D:7)
  A ribbon worm (D:3)
  2 dart slugs
  42 orcs
  8 endoplasms
  2 giant cockroaches
  2 gnoll zombies (D:7)
  5 goblins
  6 hobgoblins
  12 jackals
  15 kobolds
  2 quokkas
  9 ball pythons
  6 bats
  2 frilled lizards (D:2)
  2 kobold zombies (D:7)
  8 rats
385 creatures vanquished.

Vanquished Creatures (others)
  An orc (D:13)
1 creature vanquished.

Grand Total: 386 creatures vanquished

Notes
Turn   | Place    | Note
-------+----------+-------------------------------------------
     0 | D:1      | Killerpretzel the Octopode Shapeshifter began the quest for
                  | the Orb.
     0 | D:1      | Reached XP level 1. HP: 13/13 MP: 1/1
   133 | D:1      | Reached XP level 2. HP: 8/18 MP: 2/2
   495 | D:1      | Got the Papyrus of the Ouroboros
   587 | D:1      | Reached XP level 3. HP: 21/23 MP: 3/3
  1699 | D:3      | Found a blossoming altar of Fedhas.
  1723 | D:3      | Reached XP level 4. HP: 29/29 MP: 4/4
  1983 | D:3      | Found a sacrificial altar of Ru.
  2075 | D:3      | Found an iron altar of Okawaru.
  2077 | D:3      | Found an opulent altar of Gozag.
  2546 | D:4      | Noticed a phantom
  2594 | D:4      | Reached skill level 4 in Shapeshifting
  2594 | D:4      | Reached XP level 5. HP: 34/34 MP: 5/5
  2667 | D:4      | Killed a phantom
  2668 | D:4      | Reached XP level 6. HP: 41/41 MP: 6/6
  2792 | D:4      | Reached skill level 5 in Shapeshifting
  2792 | D:4      | Reached XP level 7. HP: 23/46 MP: 7/7
  2832 | D:4      | Noticed Menkaure
  3018 | D:4      | Killed Menkaure
  3529 | D:5      | Entered Level 5 of the Dungeon
  3613 | D:5      | Noticed Pikel
  3707 | D:5      | Killed Pikel
  3708 | D:5      | Reached skill level 5 in Unarmed Combat
  3708 | D:5      | Reached skill level 6 in Shapeshifting
  3708 | D:5      | Reached XP level 8. HP: 47/54 MP: 8/8
  4008 | D:5      | Found a broken altar of Ashenzari.
  4142 | D:5      | Found a staircase to the Ecumenical Temple.
  4154 | Temple   | Entered the Ecumenical Temple
  4160 | Temple   | Became a worshipper of Vehumet
  4322 | D:6      | Reached skill level 5 in Dodging
  4346 | D:6      | Reached skill level 7 in Shapeshifting
  4459 | D:6      | Reached XP level 9. HP: 60/60 MP: 9/9
  4462 | D:6      | Reached skill level 5 in Fighting
  4749 | D:6      | Found a hazy altar of Hepliaklqana.
  4877 | D:6      | Reached * piety under Vehumet
  4877 | D:6      | Offered knowledge of Freeze by Vehumet.
  5018 | D:6      | Found a glowing golden altar of the Shining One.
  5048 | D:6      | Reached skill level 8 in Shapeshifting
  5644 | D:7      | Found an ancient bone altar of Kikubaaqudgha.
  5899 | D:7      | Found a runed translucent gate.
  5899 | D:7      | Found a runed translucent gate.
  5899 | D:7      | Noticed VictorL's ghost (novice OpSh)
  5900 | D:7      | Found a runed translucent gate.
  6028 | D:7      | Offered knowledge of Momentum Strike by Vehumet.
  6029 | D:7      | Reached XP level 10. HP: 68/68 MP: 10/10
  6097 | D:7      | Reached ** piety under Vehumet
  6961 | D:8      | Reached skill level 9 in Shapeshifting
  7274 | D:8      | Found a burning altar of Makhleb.
  7274 | D:8      | Found a shimmering altar of Xom.
  8259 | D:9      | Learned a level 6 spell: Dispersal
  8290 | D:9      | Noticed a two-headed ogre
  8477 | D:9      | Noticed a two-headed ogre
  8593 | D:9      | Found a staircase to the Orcish Mines.
  8609 | D:9      | Offered knowledge of Hailstorm by Vehumet.
  8769 | D:9      | Killed a two-headed ogre
  8770 | D:9      | Reached skill level 1 in Translocations
  9078 | D:9      | Reached XP level 11. HP: 72/75 MP: 11/11
  9177 | D:10     | Entered Level 10 of the Dungeon
  9177 | D:10     | Found a staircase to the Lair.
  9189 | D:9      | Reached skill level 10 in Shapeshifting
  9387 | D:10     | Reached *** piety under Vehumet
 10250 | D:10     | Offered knowledge of Iskenderun's Mystic Blast by Vehumet.
 10681 | Lair:1   | Entered Level 1 of the Lair of Beasts
 11616 | Lair:2   | Noticed a skyshark
 11646 | Lair:2   | Found a staircase to the Shoals.
 11646 | Lair:2   | Noticed a harpy
 11646 | Lair:2   | Noticed a harpy
 11647 | Lair:2   | Noticed a harpy
 11789 | Lair:2   | Noticed a skyshark
 11883 | Lair:2   | Noticed a wolf spider
 11988 | Orc:1    | Entered Level 1 of the Orcish Mines
 12082 | D:9      | Killed a two-headed ogre
 12414 | D:11     | Noticed a cyclops
 12651 | D:11     | Noticed a cyclops
 12666 | D:11     | Identified the +9 scale mail of Refuge {-Tele +Inv Will+}
 12794 | D:11     | Noticed a cyan ugly thing
 12997 | D:11     | Killed a cyclops
 12998 | D:11     | Reached XP level 12. HP: 84/84 MP: 12/12
 13086 | D:11     | Reached **** piety under Vehumet
 13087 | D:11     | Reached skill level 5 in Translocations
 14554 | D:12     | Found a portal to a secret trove of treasure.
 14947 | D:13     | Noticed Azrael
 14947 | D:13     | Noticed a boulder beetle
 14948 | D:13     | Noticed a centaur warrior
 15218 | Orc:1    | Noticed an orc warlord
 15978 | Lair:2   | Reached skill level 10 in Unarmed Combat
 15978 | Lair:2   | Reached skill level 11 in Shapeshifting
 16199 | Lair:2   | Noticed a four-headed hydra
 16222 | Lair:2   | Offered knowledge of Frozen Ramparts by Vehumet.
 16236 | Lair:2   | Reached skill level 10 in Dodging
 16336 | Lair:2   | Reached skill level 10 in Fighting
 16475 | Lair:2   | Reached XP level 13. HP: 92/92 MP: 13/13
 16907 | Shoals:1 | Entered Level 1 of the Shoals
 16907 | Shoals:1 | Noticed a merfolk impaler
 17242 | Lair:3   | Found a hole to the Spider Nest.
 17560 | Lair:3   | Noticed Nessos
 18330 | Lair:3   | Reached ***** piety under Vehumet
 18330 | Lair:3   | Offered knowledge of Arcjolt by Vehumet.
 19020 | Lair:3   | Killed Nessos
 19021 | Lair:3   | Reached skill level 12 in Shapeshifting
 19611 | Lair:3   | HP: 2/94 [swamp dragon (8)]
 19612 | Lair:3   | Succumbed to a swamp dragon's poison gas

Illustrated notes

Levels and vault maps discovered:
D:1:      dpeg_arrival_prison, layout_basic
D:2:      layout_loops_corners, minivault_19
D:3:      layout_basic, minitemple, fedhas_altar_3
D:4:      layout_cave_pools, minmay_diced_spiral, uniq_menkaure
D:5:      layout_cave_pools, mainiacjoe_overflow_catwalk,
          minmay_temple_entry_glassed_door, uniq_pikel
D:6:      layout_loops_cross, mainiacjoe_overflow_six_doors_small,
          mainiacjoe_overflow_24_doors, serial_undead, serial_undead_a,
          serial_undead_c, serial_undead_a, serial_undead_d, serial_undead_a,
          serial_undead_a, serial_undead_b, serial_undead_b
D:7:      nicolae_cairo_tiling_large_dashed, layout_cave_pods,
          regret_index_kikubaaqudgha_part_by_part, biasface_ghost_orc_armoury
D:8:      layout_basic, grunt_temple_overflow_champion_of_chaos
D:9:      layout_gridville, orc_0_dummy
D:10:     layout_layer_cave, david_lair_generic
D:11:     layout_big_octagon, serial_column_ruins, column_ruins_open_tiny,
          column_ruins_open_large, column_ruins_corridor_straight,
          dreamdust_princess_bridge
D:12:     layout_gridville, nicolae_trove_entry_free_sample
D:13:     layout_rooms, gammafunk_ghost_fury_of_okawaru, uniq_azrael
Temple:   nicolae_temple_bog_church
Lair:1:   layout_chaotic_city, chequers_serial_rivers_micro_c
Lair:2:   layout_hall_layers, nicolae_shoals_entry_roost,
          nicolae_lair_run_with_the_wolves
Lair:3:   layout_big_grid, spider_nest_entry_rubble, serial_forest,
          infiniplex_forest_lined_2, infiniplex_forest_lined_room_,
          infiniplex_forest_clump_tiny, infiniplex_forest_clump_diagonal,
          infiniplex_forest_clump_medium, infiniplex_forest_fountain,
          hibernation_bobbens, uniq_nessos
Shoals:1: layout_shoals, gammafunk_ghost_grave
Orc:1:    layout_caves, uniq_maurice

Skill      XL: |  1  2  3  4  5  6  7  8  9 10 11 12 13 |
---------------+----------------------------------------+-----
Fighting       | 2 3 4 6 7 8 10 | 10.9
Shapeshifting  | 4 5 6 7 8 9 10 11 12 | 12.0
Dodging        | 3 4 5 6 7 8 10 11 | 11.1
Unarmed Combat | 4 5 6 7 9 10 11 | 11.4
Translocations | 1 4 5 |  5.0

Action                     |  1- 3 |  4- 6 |  7- 9 | 10-12 | 13-15 || total
---------------------------+-------+-------+-------+-------+-------++-------
  Melee: Unarmed           |    76 |    93 |   235 |   536 |   171 ||  1111
         Constrict         |    15 |    23 |    47 |    98 |    23 ||   206
         Tentacles         |    15 |    15 |    68 |   166 |    51 ||   315
         Punch             |     1 |     1 |    18 |    44 |    18 ||    82
  Throw: Boomerang         |       |       |       |    25 |     5 ||    30
  Evoke: Wand              |       |       |       |     7 |     1 ||     8
    Use: Scroll            |     7 |     4 |     8 |     7 |     4 ||    30
         Potion            |       |     2 |     2 |     9 |     3 ||    16
   Stab: Sleeping          |     6 |     2 |     9 |     5 |     2 ||    24
         Distracted        |       |       |     1 |       |       ||     1
         Paralysed         |       |       |       |     5 |       ||     5
 Armour: Skin              |    32 |    30 |    78 |   317 |    86 ||   543
  Dodge: Dodged            |    50 |    37 |   136 |   498 |   192 ||   913
  Block: Other             |       |    14 |    33 |   152 |    38 ||   237
         Reflection        |       |       |       |     6 |       ||     6
   Form: Blade             |       |       |     1 |     2 |     1 ||     4
         Beast             |       |       |     1 |     1 |     2 ||     4
